 Dungeon Crawl Stone Soup version 0.16.1-51-g6203257 (webtiles) character file.

8354 Jb9000 the Skirmisher (level 11, 0/92 HPs)
             Began as a Grey Draconian Fighter on July 9, 2015.
             Was an Elder of Yredelemnul.
             Engulfed by an ice statue's freezing vapour (7 damage)
             ... in an ice cave.
             The game lasted 01:17:50 (12391 turns).

Jb9000 the Skirmisher (Grey Draconian Fighter)     Turns: 12391, Time: 01:17:50

Health: 0/92       AC: 14    Str: 17    XL:     11   Next: 8%
Magic:  20/20      EV: 13    Int:  6    God:    Yredelemnul [****..]
Gold:   225        SH: 11    Dex: 15    Spells: 1 memorised, 14 levels left

rFire  + + .     SeeInvis .     w - +7 whip "Shragug" {slash, -Tele rPois Stlth+}
rCold  + . .     Clarity  .     (armour unavailable)
rNeg   + . .     SustAb   .     c - +1 shield
rPois  +         Gourm    .     (helmet restricted)
rElec  +         Spirit   .     (no cloak)
rCorr  +         Warding  .     b - +0 pair of gloves
rMut   .         NoTele   +     d - +0 pair of boots
MR     .....                    (no amulet)
Stlth  ++++......               N - ring "Hyjouz" {Contam rPois rF+ MR- Str-3 Dex+2} (curse)
                                B - ring of positive energy

@: resistant, not resistant to hostile enchantments, stealthy
A: walk through water, unfitting armour, dopey 1, unbreathing, cold-blooded, AC
+12
a: Animate Dead, Recall Undead Slaves, Injury Mirror, Drain Life, Renounce
Religion


You were in an ice cave.
You worshipped Yredelemnul.
Yredelemnul was greatly pleased with you.
You were full.

You visited 1 branch of the dungeon, and saw 11 of its levels.
You also visited: Ice Cave.

You collected 540 gold pieces.
You spent 315 gold pieces at shops.

Inventory:

Hand weapons
 o - a +1 dagger of speed
 p - a +0 mace of holy wrath
 q - a +4 hand axe of freezing
 w - the +7 whip "Shragug" (weapon) {slash, -Tele rPois Stlth+}
   (You found it on level 6 of the Dungeon)

   It inflicts extra damage upon your enemies.
   It protects you from poison.
   It prevents most forms of teleportation.
   It makes you more stealthy.
 E - a -1 eveningstar
 G - a +2 battleaxe
 M - a +2 great sword
Missiles
 e - 89 arrows
 m - 4 tomahawks (quivered)
 n - 17 sling bullets
 r - 20 poisoned needles
 s - 2 throwing nets
 y - 20 bolts
 F - 6 javelins
 P - 6 needles of slowing
Armour
 b - a +0 pair of gloves (worn)
 c - a +1 shield (worn)
 d - a +0 pair of boots (worn)
 g - the +9 armour of the Dragon King {rPois rF+ rC+ MR+}
   (You found it on level 4 of the Dungeon)

   It protects you from fire.
   It protects you from cold.
   It protects you from poison.
   It affects your resistance to hostile enchantments.
 Q - a troll hide
Jewellery
 B - a ring of positive energy (left hand)
 N - the cursed ring "Hyjouz" (right hand) {Contam rPois rF+ MR- Str-3 Dex+2}
   (You bought it in a shop on level 10 of the Dungeon)

   [ring of strength]

   It affects your strength (-3).
   It affects your dexterity (+2).
   It protects you from fire.
   It protects you from poison.
   It affects your resistance to hostile enchantments.
   It causes magical contamination when unequipped.
   It has a curse placed upon it.
 S - an uncursed ring of wizardry {unknown}
Magical devices
 k - a wand of frost (21)
 l - a wand of paralysis (12)
 C - a wand of fire (9)
 D - a wand of lightning (6)
 H - a wand of random effects (38)
Scrolls
 a - 2 scrolls of amnesia
 f - a scroll of recharging
 i - 6 scrolls of teleportation
 j - 4 scrolls of remove curse
 x - 3 scrolls of magic mapping
 z - a scroll of identify
 R - a scroll of enchant weapon
Potions
 t - 2 potions of agility
 v - a potion of restore abilities {unknown}
 J - a potion of brilliance
Books
 u - a book of Summonings

   Spells                             Type                      Level
   a - Abjuration                     Summoning                    3
   b - Recall                         Summoning/Translocation      3
   c - Shadow Creatures               Summoning                    5
   d - Summon Demon                   Summoning                    5
   e - Summon Forest                  Summoning/Translocation      5
   f - Monstrous Menagerie            Summoning                    6
 L - a book of Party Tricks

   Spells                             Type                      Level
   a - Summon Butterflies             Summoning                    1
   b - Apportation                    Translocation                1
   c - Tukima's Dance                 Hexes                        3
   d - Alistair's Intoxication        Transmutation/Poison         4
   e - Invisibility                   Hexes                        6
Comestibles
 A - a beef jerky
 I - a meat ration
 O - 5 royal jellies


   Skills:
 + Level 7.1 Fighting
 - Level 2.8 Short Blades
 - Level 4.5(5.2) Axes
 + Level 4.0(5.0) Maces & Flails
 + Level 4.8 Throwing
 + Level 5.7 Dodging
 + Level 6.8 Stealth
 + Level 6.4 Shields
 + Level 3.5 Spellcasting
 + Level 4.3 Summonings
 + Level 4.7 Invocations
 + Level 4.7 Evocations


You had 14 spell levels left.
You knew the following spells:

 Your Spells              Type           Power        Failure   Level  Hunger
a - Abjuration            Summ           #.........   61%         3    ####...


Dungeon Overview and Level Annotations

Branches:
Dungeon (12/15)            Temple (0/1) D:6            Lair (0/8) D:10
    Orc: D:9-12

Altars:
Ashenzari
Cheibriados
Dithmenos
Fedhas
Gozag
Kikubaaqudgha
Qazlal
Yredelemnul
Zin

Shops:
D:4 *([   D:6 ?   D:10 =

Annotations:
IceCv exclusion: 2 ice statues


Innate Abilities, Weirdness & Mutations

You can walk through water.
Your dull iron-grey scales are very hard (AC +12).
Your body does not fit into most forms of armour.
You can survive without breathing.
Your cold-blooded metabolism reacts poorly to cold.
You are dopey. (Int -2)


Message History

The ice statue glitters chillingly in the dim dungeon light.
The ice statue throws cold at you. The freezing blast engulfs you!
* * * LOW HITPOINT WARNING * * *
The ice statue throws cold at you. The bolt of cold hits you!
* * * LOW HITPOINT WARNING * * *
Drink which item? (? for menu, Esc to quit)
You can't drink that!
Drink which item? (? for menu, Esc to quit)
You feel better.
You are engulfed in freezing vapours.
* * * LOW HITPOINT WARNING * * *
You block the ice beast's attack.
The ice statue glitters chillingly in the dim dungeon light.
You block the ice beast's attack.
Drink which item? (? for menu, Esc to quit)
You feel protected.
You are engulfed in freezing vapours.
You resist.
You die...
Your body rises from the dead as a mindless zombie.

#######
##.....##
##...∩...##
##...§§§...##
#...§§@§....#
#....YY§....#
##...........##
#......Y......#
#....8...8....#
#.............#
##....!.!....##
#...8.).8...#
##.........##


You could see 2 ice statues and 3 ice beasts.

Vanquished Creatures
  An ice statue (D:12)
  Pikel (D:8)
  Psyche (D:9)
  A queen bee (D:9)
  A hippogriff (D:8)
  2 yaks (D:10)
  3 sky beasts
  A black bear (D:7)
  11 ice beasts
  3 phantoms
  A necrophage (D:9)
  5 ogres
  Sigmund (D:3)
  2 big kobolds
  A crocodile (D:9)
  Blork the orc (D:5)
  4 giant frogs
  4 scorpions
  11 killer bees
  A centaur zombie (D:6)
  3 wights (D:8)
  2 crimson imps
  2 goliath beetles
  A giant frog zombie (D:7)
  A gnoll shaman (D:8)
  4 hounds
  8 orc priests
  2 centaur skeletons
  2 giant frog skeletons
  An iguana (D:6)
  Natasha (thrice) (D:5)
  7 orc wizards
  4 worker ants
  Ijyb (D:3)
  5 gnolls
  13 adders
  A worker ant zombie (D:6)
  A shadow imp (D:6)
  4 giant mites
  4 worms
  2 adder skeletons (D:8)
  5 giant geckos
  26 orcs
  22 bats
  A bat zombie (D:9)
  7 giant cockroaches
  19 goblins
  23 hobgoblins
  2 jackals (D:5)
  26 kobolds
  4 quokkas
  A ball python (D:5)
  A ball python skeleton (D:4)
  8 giant newts
  A quokka skeleton (D:9)
  19 rats
  A spectral orc (D:3)
  A ballistomycete (D:8)
  A fungus (D:7)
295 creatures vanquished.

Vanquished Creatures (collateral kills)
  The ghost of Miyamura the Thrower, a powerful TrHu of Okawaru (D:9)
  An ugly thing (D:9)
  A troll (D:10)
  A deep elf mage (D:9)
  A yak (D:10)
  A hungry ghost (D:9)
  A wyvern zombie (D:9)
  10 killer bees (D:9)
  An electric eel (D:6)
  A centaur zombie (D:10)
  A goliath beetle (D:10)
  A crimson imp (D:8)
  4 hounds
  2 orc wizards
  A worker ant zombie (D:10)
  A gnoll (D:8)
  An adder (D:10)
  A shadow imp (D:10)
  An adder skeleton (D:10)
  An orc (D:10)
  2 bats
  A giant cockroach (D:9)
  A hobgoblin (D:9)
  A rat (D:10)
38 creatures vanquished.

Vanquished Creatures (others)
  A flying skull (D:10)
  A scorpion (D:8)
  A wight (D:9)
  An orc wizard (D:8)
  A giant frog skeleton (D:8)
  A killer bee zombie (D:9)
  A mummy (D:8)
  A worker ant zombie (D:10)
  2 orcs (D:8)
  A bat (D:8)
  A giant gecko skeleton (D:5)
  A giant spore (D:8)
  A hobgoblin skeleton (D:7)
  2 kobold skeletons (D:9)
  An orc skeleton (D:7)
17 creatures vanquished.

Grand Total: 350 creatures vanquished

Notes
Turn   | Place    | Note
--------------------------------------------------------------
     0 | D:1      | Jb9000, the Draconian Fighter, began the quest for the Orb.
     0 | D:1      | Reached XP level 1. HP: 19/19 MP: 1/1
   224 | D:1      | Reached XP level 2. HP: 26/26 MP: 2/2
   231 | D:1      | Reached skill level 1 in Stealth
   493 | D:1      | Reached XP level 3. HP: 33/33 MP: 3/3
  1369 | D:2      | Reached XP level 4. HP: 40/40 MP: 4/4
  1565 | D:2      | Reached skill level 4 in Fighting
  2103 | D:3      | Noticed Sigmund
  2117 | D:3      | Killed Sigmund
  2117 | D:3      | Reached XP level 5. HP: 18/46 MP: 5/5
  2154 | D:3      | Noticed Ijyb
  2164 | D:3      | Killed Ijyb
  2358 | D:3      | Found a glowing silver altar of Zin.
  2695 | D:3      | Found a basalt altar of Yredelemnul.
  2704 | D:3      | Became a worshipper of Yredelemnul the Dark
  2917 | D:3      | Reached XP level 6. HP: 53/53 MP: 6/6
  3349 | D:4      | Found Noepn's Antique Armour Shoppe.
  3491 | D:4      | Reached skill level 1 in Throwing
  3788 | D:4      | Your scales start taking on a dull iron-grey colour.
  3788 | D:4      | Gained mutation: You can survive without breathing. [draconian maturity]
  3788 | D:4      | Reached XP level 7. HP: 47/60 MP: 7/7
  4051 | D:4      | Found Qappoe Fanu's Antique Weapon Shop.
  4134 | D:4      | Acquired Yredelemnul's first power
  4382 | D:4      | Reached skill level 1 in Short Blades
  4797 | D:4      | Found Blyagio's General Store.
  4808 | D:4      | Reached skill level 5 in Fighting
  4822 | D:4      | Bought a scroll of enchant armour for 97 gold pieces
  5005 | D:5      | Entered Level 5 of the Dungeon
  5468 | D:5      | Noticed Natasha
  5476 | D:5      | Killed Natasha
  5482 | D:5      | Noticed Blork the orc
  5493 | D:5      | Killed Blork the orc
  5493 | D:5      | Reached XP level 8. HP: 61/68 MP: 8/8
  5510 | D:5      | Found a snail-covered altar of Cheibriados.
  5563 | D:5      | Found an ancient bone altar of Kikubaaqudgha.
  5622 | D:5      | Found a blossoming altar of Fedhas.
  5802 | D:5      | Learned a level 3 spell: Abjuration
  5842 | D:5      | Acquired Yredelemnul's second power
  6028 | D:5      | Noticed Natasha
  6037 | D:5      | Killed Natasha
  6161 | D:5      | Noticed Natasha
  6168 | D:5      | Killed Natasha
  6211 | D:6      | Found Steses Uzye's Magic Scroll Shop.
  6217 | D:6      | Reached skill level 5 in Stealth
  6271 | D:6      | Bought a scroll of enchant weapon for 82 gold pieces
  6295 | D:6      | Reached skill level 1 in Summonings
  6295 | D:6      | Reached skill level 1 in Invocations
  6505 | D:6      | Reached skill level 1 in Spellcasting
  6505 | D:6      | Reached skill level 1 in Evocations
  6797 | D:6      | Reached skill level 5 in Shields
  7349 | D:6      | Found a staircase to the Ecumenical Temple.
  7356 | D:6      | Got a warped whip
  7357 | D:6      | Identified the +7 whip "Shragug" {slash, -Tele rPois Stlth+} (You found it on level 6 of the Dungeon)
  7373 | D:6      | Reached XP level 9. HP: 42/74 MP: 12/12
  7517 | D:6      | Reached skill level 1 in Maces & Flails
  8119 | D:7      | Acquired Yredelemnul's third power
  8123 | D:7      | Found an opulent altar of Gozag.
  8546 | D:7      | Reached skill level 6 in Fighting
  8587 | D:7      | Found a shattered altar of Ashenzari.
  9256 | D:8      | Gained mutation: You are dopey. (Int -2) [mutagenic meat]
  9263 | D:8      | Reached skill level 5 in Dodging
  9304 | D:8      | Noticed Pikel
  9324 | D:8      | Killed Pikel
  9324 | D:8      | Reached XP level 10. HP: 33/84 MP: 14/16
  9700 | D:8      | Received a gift from Yredelemnul
 10349 | D:9      | Acquired Yredelemnul's fourth power
 10472 | D:9      | Noticed Psyche
 10478 | D:9      | Paralysed by something for 3 turns
 10481 | D:9      | Killed Psyche
 10857 | D:9      | Received a gift from Yredelemnul
 11192 | D:9      | Received a gift from Yredelemnul
 11211 | D:9      | Noticed Miyamura's ghost (powerful TrHu)
 11223 | D:9      | Killed Miyamura's ghost
 11269 | D:9      | Found a stormy altar of Qazlal.
 11269 | D:9      | Found a shadowy altar of Dithmenos.
 11407 | D:10     | Entered Level 10 of the Dungeon
 11407 | D:10     | Noticed a white ugly thing
 11418 | D:9      | Killed a white ugly thing
 11443 | D:10     | Reached skill level 7 in Fighting
 11712 | D:10     | Found Vuxod's Jewellery Shop.
 11752 | D:10     | Bought the cursed ring "Hyjouz" {Contam rPois rF+ MR- Str-3 Dex+2} for 136 gold pieces
 11880 | D:10     | Found a staircase to the Lair.
 11887 | D:10     | You fall through a shaft for 2 floors!
 11949 | D:12     | Found a frozen archway.
 11949 | D:12     | Noticed an ice statue
 11956 | D:12     | Killed an ice statue
 11956 | D:12     | Reached XP level 11. HP: 67/92 MP: 20/20
 11992 | IceCv    | Entered an ice cave
 12378 | IceCv    | Noticed an ice statue
 12378 | IceCv    | Noticed an ice statue
 12389 | IceCv    | HP: 2/92 [ice statue/bolt of cold (23)]
 12391 | IceCv    | Engulfed by an ice statue's freezing vapour

Action                   |  1- 3 |  4- 6 |  7- 9 | 10-12 || total
-------------------------+-------+-------+-------+-------++-------
Melee: War axe           |   124 |   197 |   103 |       ||   424
       Dagger            |       |    10 |   133 |       ||   143
       Hand axe          |       |       |   170 |     5 ||   175
       Whip              |       |       |   185 |   266 ||   451
Throw: Tomahawk          |       |       |    24 |     4 ||    28
       Throwing net      |       |       |     1 |       ||     1
Invok: Animate Remains   |       |       |     5 |       ||     5
       Recall Undead Sla |       |       |     2 |       ||     2
       Animate Dead      |       |       |     1 |    12 ||    13
Evoke: Wand              |       |       |       |     3 ||     3
  Use: Potion            |     1 |     4 |     4 |     3 ||    12
       Scroll            |       |     3 |     9 |     9 ||    21
 Stab: Distracted        |     1 |       |       |     5 ||     6
       Sleeping          |       |     5 |    10 |     5 ||    20
       Held in net/web   |       |       |     1 |       ||     1
  Eat: Chunk             |     2 |     7 |     8 |     3 ||    20
       Beef jerky        |       |     2 |     1 |     1 ||     4
       Bread ration      |       |       |     2 |     1 ||     3
       Fruit             |       |       |       |     3 ||     3
       Royal jelly       |       |       |       |     2 ||     2
